Map: Beckett Industries LE

Players

TerraN

  • Race: Terran Terran

Kelazhur - Winner!

  • Race: Terran Terran

Event: DreamHack SC2 Masters 2021 Fall

VOD

Have the link to the VOD?

Description

Time

  • Played on: July 31, 2021, 4:14 p.m.
  • Length: 4:51

All games in this series

Show
View Real Time Build Order
Export as new Build Order

TerraN Terran 

Build Orders:  

Get SALT Encoding   

  12  0:00  SCV  
  13  0:13  SCV  
  14  0:17  Supply Depot  
  14  0:25  SCV  
  15  0:38  SCV  
  15  0:40  Barracks  
  16  0:44  Refinery  
  16  0:50  SCV  
  17  0:59  Barracks  
  17  1:03  SCV  
  18  1:15  SCV  
  18  1:17  Refinery  
  19  1:27  SCV  
  19  1:28  Reaper  
  19  1:30  Supply Depot  
  21  1:42  SCV  
  21  1:46  Reaper  
  23  1:54  Orbital Command  
  23  2:00  Reaper  
  24  2:18  Reaper  
  24  2:19  SCV  
  26  2:31  SCV  
  26  2:33  Reaper  
  26  2:36  Command Center  
  27  2:46  Factory  
  27  2:47  SCV  
  28  2:53  Supply Depot  
  28  2:55  Reaper  
  29  3:00  SCV  
  30  3:07  Barracks Tech Lab  
  30  3:12  SCV  
  31  3:20  Bunker  
  31  3:24  SCV  
  31  3:28  Reaper  
  32  3:36  SCV  
  32  3:38  Factory Tech Lab  
  32  3:39  Marine  
  34  3:48  SCV, Bunker  
  35  3:56  Cyclone  
  35  3:57  Marine  
  35  3:59  Refinery  
  35  4:00  SCV  
  40  4:04  Marine  
  36  4:15  Marine  
  36  4:23  SCV  
Show
View Real Time Build Order
Export as new Build Order

Kelazhur Terran - Winner!

Build Orders:  

Get SALT Encoding   

  12  0:00  SCV  
  13  0:12  SCV  
  14  0:17  Supply Depot  
  14  0:24  SCV  
  15  0:38  SCV  
  15  0:39  Barracks  
  16  0:43  Refinery  
  16  0:50  SCV  
  17  0:58  Barracks  
  17  1:02  SCV  
  18  1:11  Refinery  
  18  1:14  SCV  
  19  1:26  Reaper  
  19  1:29  Orbital Command  
  20  1:40  Supply Depot  
  20  1:45  Reaper  
  21  1:56  SCV  
  21  1:58  Reaper  
  23  2:09  Factory  
  23  2:10  SCV  
  24  2:17  Reaper  
  24  2:22  SCV  
  26  2:25  Supply Depot  
  26  2:30  Reaper  
  26  2:34  SCV  
  28  2:46  SCV  
  28  2:49  Reaper  
  30  2:56  Command Center  
  30  3:01  Hellion  
  32  3:05  Reaper  
  32  3:12  Supply Depot, SCV  
  34  3:23  Reaper, Hellion  
  34  3:24  SCV  
  38  3:39  SCV, Starport  
  39  3:42  Reaper  
  39  3:44  Hellion  
  42  3:50  Refinery  
  42  3:51  SCV  
  43  3:57  Reaper  
  44  4:08  Factory Tech Lab  
  44  4:09  Orbital Command  
  44  4:10  SCV  
  45  4:29  Starport Tech Lab  

Tags
 
Add a new tag
Caveats
  • Supply blocks, unpowered buildings, or Contaminate may cause inaccurate times.
  • Supply counts are checked every 10 seconds.